 Dungeon Crawl Stone Soup version 0.29.1-14-g9c671dbff4 (console) character file.

Game seed: 9728359675145945020

188 Tzota the Digger (level 5, -5/28 HPs)
             Began as a Gargoyle Earth Elementalist on Feb 18, 2023.
             Killed from afar by Sigmund (10 damage)
             ... with a puff of flame
             ... on level 2 of the Dungeon on Feb 19, 2023.
             The game lasted 00:31:57 (3024 turns).

Tzota the Digger (Gargoyle Earth Elementalist)      Turns: 3024, Time: 00:31:57

Health: -5/28      AC:  9    Str: 11    XL:     5   Next: 67%
Magic:  5/10       EV: 11    Int: 18    God:
Gold:   172        SH:  0    Dex: 10    Spells: 7/11 levels left

rFire   . . .      SeeInvis .   h - +0 whip
rCold   . . .      Faith    .   (no shield)
rNeg    + . .      Spirit   .   a - +0 robe
rPois   ∞          Reflect  .   m - +0 helmet
rElec   +          Harm     .   (no cloak)
rCorr   .          Rampage  .   i - +1 pair of gloves
Will    .....                   (no boots)
Stlth   ++........              (no amulet)
HPRegen 0.09/turn               (no ring)
MPRegen 0.12/turn               (no ring)

@: no status effects
A: sickness immunity, AC +4, negative energy resistance 1, electricity
resistance, torment resistance 1, petrification resistance
a: no special abilities


You were on level 2 of the Dungeon.
You visited 1 branch of the dungeon, and saw 4 of its levels.

You collected 172 gold pieces.

Inventory:

Hand Weapons
 h - a +0 whip (weapon)
Missiles
 e - 34 stones
Armour
 a - a +0 robe (worn)
 i - a +1 pair of gloves (worn)
 j - a +0 leather armour
 m - a +0 helmet (worn)
Jewellery
 q - the ring "Nessiugg" {rCorr MP+9 Int+4}
   (You found it on level 4 of the Dungeon)

   [ring of magical power]

   Int:       It affects your intelligence (+4).
   MP:        It affects your magic capacity (+9).
   rCorr:     It protects you from acid and corrosion.
Scrolls
 c - 3 scrolls of identify {unknown}
 g - 2 scrolls of poison {unknown}
 n - a scroll of immolation {unknown}
 o - a scroll of fear {unknown}
Potions
 b - a potion of magic
 d - a potion of curing {unknown}
 f - 2 potions of degeneration {unknown}
 k - a potion of cancellation {unknown}
 l - a potion of attraction {unknown}
 p - a potion of brilliance {unknown}


   Skills:
 - Level 1.5 Dodging
 - Level 2.1 Stealth
 + Level 3.9 Spellcasting
 - Level 0.7 Transmutations
 + Level 5.8 Earth Magic


You had 7 spell levels left.
You knew the following spells:

 Your Spells              Type           Power      Damage    Failure   Level
a - Sandblast             Erth           48%        2d12      1%          1
b - Stone Arrow           Conj/Erth      28%        3d8       13%         3

Your spell library contained the following spells:

 Spells                   Type           Power      Damage    Failure   Level
 Passwall                 Tmut/Erth      12%        N/A       6%          2
 Petrify                  Tmut/Erth      15%        N/A       36%         4


Dungeon Overview and Level Annotations

Branches:
Dungeon (4/15)
 Temple: D:4-7

Altars:
Ashenzari

Annotations:
D:2 Sigmund
D:4 2 transporters, jaiteiro's ghost, amateur NaIE


Innate Abilities, Weirdness & Mutations

You are immune to sickness and miasma.
Your stone body is resilient. (AC +4)
You are immune to poison.
You resist negative energy. (rN+)
You are resistant to electric shocks. (rElec)
You are resistant to unholy torment.
You are immune to petrification.


Message History

Aiming: Sandblast (safe; 1% risk of failure)
Press: ? - help, Shift-Dir - straight line, f/p - Sigmund
Aim: Sigmund, wielding a +0 scythe of protection and wearing a +2 robe of fire resistance (moderately wounded, 81% to hit)
The blast of sand hits Sigmund but does no damage.
Sigmund is moderately wounded.
Sigmund drinks a potion.
Sigmund flickers and vanishes!
Deactivating autopickup; reactivate with Ctrl-A.
Casting: Sandblast (safe; 1% risk of failure)
Confirm with . or Enter, or press ? or * to list all spells.
Aiming: Sandblast (safe; 1% risk of failure)
Press: ? - help, Shift-Dir - straight line Something hits you but does no damage.
Casting: Sandblast (safe; 1% risk of failure)
Confirm with . or Enter, or press ? or * to list all spells.
Aiming: Sandblast (safe; 1% risk of failure)
Press: ? - help, Shift-Dir - straight line The blast of sand hits something.
You hear some strange, mumbled words.
You are confused.
Something hits you. Something hits you but does no damage.
You're too confused to move!
You feel less confused. Something hits you!
* * * LOW HITPOINT WARNING * * *
Something hits you but does no damage.
Casting: Sandblast (safe; 1% risk of failure)
Confirm with . or Enter, or press ? or * to list all spells.
Aiming: Sandblast (safe; 1% risk of failure)
Press: ? - help, Shift-Dir - straight line The blast of sand hits something.
Something hits you but does no damage.
Casting: Sandblast (safe; 1% risk of failure)
Confirm with . or Enter, or press ? or * to list all spells.
Aiming: Sandblast (safe; 1% risk of failure)
Press: ? - help, Shift-Dir - straight line The blast of sand hits something!
You hear some strange, mumbled words.
A puff of flame appears from out of thin air!
The puff of flame hits you!
You die...

#.......#.##.#........
#..............#..........
#.......#.##.####.###....#
#.#..........####.# #..<.#
####.#####...........# #..@.#
###....# #.......#######....#
......†# #.....#............#.#
.##.#.†#####.†...#..#####.......#
.##.#........#####..##.......#
....#.#.###............##.####
<####.##.#.#####@##.#..##.#..####
.####.###.## #.##.............#
......# ### #{##.{.........#.#
####### #.##.#.........#.#
#......###.#......
#......###.##.##.#
#.##.#.....##.##.#
#.##.............#
#.####....#.....##
#.####.#.##.....#
#.....>#.##.....#


There were no monsters in sight!

Vanquished Creatures
  An ogre (D:4)
  An iguana (D:4)
  An adder (D:3)
  An ufetubus (D:4)
  2 worms (D:2)
  2 dart slugs
  3 orcs (D:3)
  5 endoplasms (D:1)
  3 giant cockroaches
  A goblin (D:2)
  4 hobgoblins
  6 kobolds
  2 quokkas
  6 ball pythons
  9 bats
  3 frilled lizards
  8 rats
58 creatures vanquished.

Notes
Turn   | Place    | Note
-------+----------+-------------------------------------------
     0 | D:1      | Tzota the Gargoyle Earth Elementalist began the quest for
                  | the Orb.
     0 | D:1      | Reached XP level 1. HP: 10/10 MP: 3/3
   333 | D:1      | Reached skill level 4 in Earth Magic
   333 | D:1      | Reached XP level 2. HP: 15/15 MP: 3/5
   750 | D:1      | Reached XP level 3. HP: 19/19 MP: 3/6
  1192 | D:2      | Found a broken altar of Ashenzari.
  1213 | D:2      | Identified the +0 plate armour "Huhe Qiu" {rC- rN+ Str+7
                  | Slay-4}
  1431 | D:2      | Noticed Sigmund
  1919 | D:3      | Reached XP level 4. HP: 18/24 MP: 4/8
  2549 | D:3      | Reached skill level 5 in Earth Magic
  2668 | D:4      | Found a transporter.
  2671 | D:4      | Noticed jaiteiro's ghost (amateur NaIE)
  2710 | D:4      | Noticed an ogre
  2746 | D:4      | Killed an ogre
  2747 | D:4      | Reached XP level 5. HP: 28/28 MP: 6/10
  2751 | D:4      | Learned a level 3 spell: Stone Arrow
  2801 | D:4      | Identified the ring "Nessiugg" {rCorr MP+9 Int+4}
  2876 | D:4      | Found a transporter.
  3024 | D:2      | Killed from afar by Sigmund

Illustrated notes

Levels and vault maps discovered:
D:1:      dpeg_arrival_water_temple_mockup, layout_loops_ring
D:2:      layout_loops_cross, basic_altar, uniq_sigmund
D:3:      layout_basic, minmay_pentangle
D:4:      black_bear_nest_1, layout_basic, xom_butterflies,
          mainiacjoe_overflow_small_starburst, gammafunk_ghost_stat_death

Skill      XL: |  1  2  3  4 |
---------------+-------------+-----
Earth Magic    | 4 5 |  5.8
Spellcasting   | 3 |  3.9
Dodging        | |  1.5
Stealth        | |  2.1
Transmutations | |  0.7

Action                   |  1- 3 |  4- 6 || total
-------------------------+-------+-------++-------
 Cast: Sandblast         |    55 |    31 ||    86
  Use: Scroll            |       |     1 ||     1
Armor: Robe              |     6 |    10 ||    16
Dodge: Dodged            |     5 |    13 ||    18
